 Dungeon Crawl Stone Soup version 0.20-a0-16-g0876c8e (webtiles) character file.

9814 KristoblXynda the Cleaver (level 11, -6/80 HPs)
             Began as a Minotaur Skald on Nov 3, 2016.
             Was a Believer of Ashenzari.
             Shot with an arrow by a salamander (12 damage)
             ... in a volcano.
             The game lasted 00:31:08 (10165 turns).

KristoblXynda the Cleaver (Minotaur Skald)         Turns: 10165, Time: 00:31:09

Health: -6/80      AC: 12    Str: 21    XL:     11   Next: 28%
Magic:  10/10      EV: 11    Int: 12    God:    Ashenzari [**....]
Gold:   720        SH:  0    Dex:  7    Spells: 1 memorised, 9 levels left

rFire  + . .     SeeInvis .     m - +2 war axe
rCold  + . .     Gourm    .     g - +1 leather armour of Instinct {rF+ rN+ Str+3}
rNeg   + . .     Faith    .     (no shield)
rPois  .         Spirit   .     (helmet restricted)
rElec  .         Reflect  .     h - +1 cloak
rCorr  .         Harm     .     u - +0 pair of gloves
MR     .....     Clarity  +     z - +0 pair of boots
Stlth  ..........               (no amulet)
                                y - ring of protection from cold
                                n - +4 ring of slaying (curse)

@: confused
A: retaliatory headbutt, hooves 1, horns 2, large bone plates 1, clarity, clumsy
1, low mp 1, shaggy fur 1
a: Curse Item, Scrying, Renounce Religion


You were in a volcano.
You worshipped Ashenzari.
Ashenzari was pleased with you.
You were not hungry.

You visited 3 branches of the dungeon, and saw 13 of its levels.
You also visited: Volcano.

You collected 720 gold pieces.

Inventory:

Hand Weapons
 e - a +2 whip of draining
 m - a +2 war axe (weapon)
Missiles
 l - 5 javelins (quivered)
Armour
 g - the +1 leather armour of Instinct (worn) {rF+ rN+ Str+3}
   (You found it on level 5 of the Dungeon)

   It affects your strength (+3).
   It protects you from fire.
   It protects you from negative energy.
 h - a +1 cloak (worn)
 o - a +1 scale mail of poison resistance
 u - a +0 pair of gloves (worn)
 z - a +0 pair of boots (worn)
Jewellery
 n - a cursed +4 ring of slaying (left hand)
 y - a ring of protection from cold (right hand)
Scrolls
 f - 4 scrolls of teleportation
 j - a scroll of amnesia
 q - 2 scrolls of immolation
 s - a scroll of fog
Potions
 a - 2 potions of ambrosia
 i - 6 potions of curing
 w - 2 potions of lignification
 x - 3 potions of cure mutation
 A - 2 potions of brilliance
 D - a potion of flight {unknown}
 E - a potion of berserk rage {unknown}
Books
 c - a book of Battle

   Spells                             Type                      Level
   a - Infusion                       Charms                       1
   b - Shroud of Golubria             Charms/Translocation         2
   c - Song of Slaying                Charms                       2
   d - Spectral Weapon                Hexes/Charms                 3
   e - Regeneration                   Charms/Necromancy            3
 k - a book of Cantrips

   Spells                             Type                      Level
   a - Confusing Touch                Hexes                        1
   b - Animate Skeleton               Necromancy                   1
   c - Summon Small Mammal            Summoning                    1
   d - Apportation                    Translocation                1
Comestibles
 b - 4 meat rations
 d - a bread ration
 t - a beef jerky


   Skills:
 - Level 2.4 Fighting
 + Level 12.1 Axes
 + Level 12.0 Armour
 - Level 1.1 Dodging
 - Level 1.3 Spellcasting
 - Level 3.0 Charms
 + Level 7.5 Necromancy


You had 9 spell levels left.
You knew the following spells:

 Your Spells              Type           Power        Failure   Level  Hunger
b - Regeneration          Chrm/Necr      ##........   12%         3    ####...


Dungeon Overview and Level Annotations

Branches:
Dungeon (11/15)            Temple (1/1) D:6            Lair (1/6) D:8
    Orc: D:9-12

Altars:
Ashenzari
Cheibriados
Dithmenos
Elyvilon
Fedhas
Gozag
Hepliaklqana
Kikubaaqudgha
Makhleb
Nemelex Xobeh
Okawaru
Qazlal
Ru
Sif Muna
Trog
Uskayaw
Vehumet
Xom
Yredelemnul
Zin
The Shining One

Shops:
D:5 *   D:7 =   D:9 }


Innate Abilities, Weirdness & Mutations

You reflexively headbutt those who attack you in melee.
You have a pair of horns on your head.
You have large cloven feet.
You are partially covered in large bone plates. (SH +4)
You possess an exceptional clarity of mind.
You are clumsy. (Dex -2)
Your magical capacity is low. (-10% MP)
You are covered in fur. (AC +1)


Message History

You slice the salamander!!
The salamander is almost dead.
The air gets thick with the scent of sulphur.
The salamander barely misses you.
You barely miss the salamander. Your headbutt misses the salamander.
The salamander is almost dead.
The salamander hits you.
* * * LOW HITPOINT WARNING * * *
You are engulfed in flames!
You resist.
* * * LOW HITPOINT WARNING * * *
You are confused.
You feel invigorated. The salamander hits you!
* * * LOW HITPOINT WARNING * * *
You are engulfed in flames!
You resist.
* * * LOW HITPOINT WARNING * * *
Unknown command.
In the distance, the volcano erupts with a roar.
The salamander wields an uncursed shortbow of flaming.
It bursts into flame!
The salamander shoots an arrow.
The arrow hits you!
You die...

≈ §§## '.._..+ *
≈≈#. ,#.....# * ≈
≈≈#.. ####### ,* ≈
* ≈≈#.. +!!.![+ ,
* ≈≈#...#..≈..# ,
≈ ≈ #...#8≈≈≈8#,
*#..d.(≈..+, ≈
≈≈#..N.....+ *≈ *
§§##.#8@..8#,* § ≈
§§§###.....###≈≈ *
*#§§≈≈§.....§§≈≈§≈
*#≈≈≈≈8...8≈§§§≈ *
###§§§....≈§≈≈≈
#≈§.....≈≈§#
##§8...8§§≈#
##.....####
#.....#


You could see a red draconian and a salamander.

Vanquished Creatures
  The ghost of confidenceinterval the Fighter, a journeyman GrGl of Cheibriados (D:9)
  A salamander mystic (Volcano)
  2 hill giants
  Pikel (D:4)
  A spiny frog (Lair:1)
  2 trolls
  A two-headed ogre (D:11)
  2 hippogriffs
  Sigmund (D:5)
  The ghost of KristoblXynda the Chopper, an amateur MiSk (D:3)
  A water moccasin (D:9)
  A porcupine (Lair:1)
  A sky beast (D:11)
  3 ice beasts
  3 phantoms
  5 orc warriors
  A black bear (D:8)
  An eye of draining (D:10)
  4 ogres
  2 wolves (D:8)
  5 centaurs
  3 crocodiles
  A big kobold (D:10)
  4 bullfrogs
  2 gnoll sergeants (D:10)
  A wyvern skeleton (D:6)
  3 scorpions
  2 jellies (D:11)
  4 wights (D:7)
  7 howler monkeys
  6 crimson imps
  A centaur zombie (D:10)
  A gnoll shaman (D:10)
  15 hounds
  10 orc wizards
  6 orc priests
  A quasit (D:7)
  2 bullfrog skeletons
  4 iguanas
  5 worker ants
  A killer bee zombie (D:5)
  A howler monkey zombie (D:6)
  A howler monkey skeleton (D:11)
  16 adders
  3 gnolls (D:10)
  A shadow imp (D:6)
  An ooze (D:3)
  3 adder zombies
  3 worms
  A dart slug (D:1)
  3 leopard geckos
  35 orcs
  2 ball pythons
  4 bats
  4 giant cockroaches
  4 goblins
  9 hobgoblins
  3 jackals (D:6)
  4 quokkas
  6 frilled lizards
  A jackal skeleton (D:8)
  13 kobolds
  A leopard gecko skeleton (D:5)
  5 rats
243 creatures vanquished.

Vanquished Creatures (others)
  A sky beast (D:5)
  An adder (D:4)
  An orc (D:8)
  A quokka (D:11)
4 creatures vanquished.

Grand Total: 247 creatures vanquished

Notes
Turn   | Place    | Note
-------+----------+-------------------------------------------
     0 | D:1      | KristoblXynda the Minotaur Skald began the quest for the Orb.
     0 | D:1      | Reached XP level 1. HP: 18/18 MP: 1/1
   211 | D:1      | Reached XP level 2. HP: 19/25 MP: 3/3
   651 | D:2      | Reached XP level 3. HP: 23/30 MP: 4/4
  1413 | D:3      | Reached XP level 4. HP: 36/37 MP: 5/5
  1461 | D:3      | Noticed KristoblXynda's ghost (amateur MiSk)
  1487 | D:3      | Killed KristoblXynda's ghost
  1487 | D:3      | Reached XP level 5. HP: 31/42 MP: 6/6
  1552 | D:3      | Found a sacrificial altar of Ru.
  1916 | D:3      | Learned a level 3 spell: Regeneration
  2310 | D:3      | Found an iron altar of Okawaru.
  2310 | D:3      | Found a faded altar of an unknown god.
  2315 | D:3      | Found a faded altar of an unknown god.
  2317 | D:3      | Found a hide-covered altar of Uskayaw.
  2319 | D:3      | Found a faded altar of an unknown god.
  2416 | D:3      | Reached XP level 6. HP: 50/50 MP: 7/7
  2609 | D:4      | Noticed a slave
  2613 | D:4      | Noticed Pikel
  2615 | D:4      | Noticed a slave
  2626 | D:4      | Noticed a slave
  2629 | D:4      | Killed Pikel
  2629 | D:4      | Reached skill level 5 in Axes
  2629 | D:4      | Reached skill level 5 in Armour
  2629 | D:4      | Reached XP level 7. HP: 28/56 MP: 8/8
  2829 | D:4      | Got a pitted long sword
  2830 | D:4      | Identified the +3 long sword of Res Nullius {slice, +Fly MR+} (You found it on level 4 of the Dungeon)
  3060 | D:4      | Found a shimmering altar of Xom.
  3061 | D:4      | Found a snail-covered altar of Cheibriados.
  3062 | D:4      | Found a bloodstained altar of Trog.
  3062 | D:4      | Found a shadowy altar of Dithmenos.
  3281 | D:5      | Entered Level 5 of the Dungeon
  3358 | D:5      | Noticed a water elemental
  3362 | D:5      | Found a stormy altar of Qazlal.
  3363 | D:5      | Noticed an air elemental
  3363 | D:5      | Noticed a fire elemental
  3393 | D:5      | Found an opulent altar of Gozag.
  3399 | D:5      | Noticed Sigmund
  3430 | D:5      | Found a deep blue altar of Sif Muna.
  3473 | D:5      | Got a faintly humming leather armour
  3477 | D:5      | Identified the +1 leather armour of Instinct {rF+ rN+ Str+3} (You found it on level 5 of the Dungeon)
  3519 | D:5      | Found a burning altar of Makhleb.
  3590 | D:5      | Found Vyudd's General Store.
  3636 | D:5      | Found an opulent altar of Gozag.
  3665 | D:5      | Reached XP level 8. HP: 43/62 MP: 9/9
  4099 | D:5      | Killed Sigmund
  4613 | D:6      | Reached XP level 9. HP: 30/68 MP: 10/10
  4853 | D:6      | Found a staircase to the Ecumenical Temple.
  4865 | Temple   | Entered the Ecumenical Temple
  5012 | Temple   | Became a worshipper of Ashenzari the Shackled
  5420 | D:7      | Found Fuentuopn's Jewellery Emporium.
  5673 | D:7      | Reached skill level 5 in Necromancy
  6453 | D:8      | Noticed a troll
  6489 | D:8      | Killed a troll
  6489 | D:8      | Reached skill level 10 in Axes
  6489 | D:8      | Reached skill level 10 in Armour
  6495 | D:8      | Reached XP level 10. HP: 27/74 MP: 8/11
  6870 | D:8      | Found a staircase to the Lair.
  7567 | D:9      | Found Jom Qoz's Gadget Shop.
  7606 | D:9      | Found a sparkling altar of Nemelex Xobeh.
  7634 | D:9      | Noticed confidenceinterval's ghost (journeyman GrGl)
  7661 | D:9      | Killed confidenceinterval's ghost
  7797 | D:10     | Entered Level 10 of the Dungeon
  7869 | D:10     | Reached * piety under Ashenzari
  8504 | D:10     | Noticed a hill giant
  8514 | D:10     | Killed a hill giant
  8844 | D:11     | Gained mutation: You possess an exceptional clarity of mind. [potion of beneficial mutation]
  8948 | D:11     | Noticed a seven-headed hydra
  8992 | D:11     | Noticed a hill giant
  9003 | D:11     | Killed a hill giant
  9003 | D:11     | Reached XP level 11. HP: 24/80 MP: 12/12
  9379 | D:11     | Noticed a brown ugly thing
  9482 | D:11     | Noticed a hill giant
  9496 | D:10     | Gained mutation: You are partially covered in large bone plates. (SH +4) [mutagenic meat]
  9497 | D:10     | Gained mutation: You have large cloven feet. [mutagenic meat]
  9499 | D:10     | Gained mutation: Your magical capacity is low. (-10% MP) [mutagenic meat]
  9500 | D:10     | Gained mutation: You are covered in fur. (AC +1) [mutagenic meat]
  9501 | D:10     | Gained mutation: You are clumsy. (Dex -2) [mutagenic meat]
  9837 | Lair:1   | Entered Level 1 of the Lair of Beasts
 10026 | Lair:1   | Reached ** piety under Ashenzari
 10051 | Lair:1   | Found a dark tunnel.
 10074 | Volcano  | Entered a volcano
 10143 | Volcano  | Noticed a salamander mystic
 10146 | Volcano  | Found a bloodstained altar of Trog.
 10154 | Volcano  | Killed a salamander mystic
 10155 | Volcano  | Noticed a red draconian
 10164 | Volcano  | HP: 1/80 [salamander (7)]
 10165 | Volcano  | Shot with an arrow by a salamander

Vault maps used:
D:1:      onia_arrival_mini_spirals
D:3:      chequers_temple_overflow_minitemple, nicolae_ru_awakened_eye,
          first_bread
D:4:      chequers_temple_overflow_statue_of_worship, uniq_pikel
D:5:      minmay_opposing_rooms, led_sif_book, lemuel_crystal_altar,
          lightli_temple_of_fire, serial_shops, nicolae_shop_behind_doors,
          basic_altar, st_stairs_8, grunt_decor_fettered,
          nicolae_qazlal_style_of_elements, uniq_sigmund
D:6:      kennysheep_generic_room_15
D:7:      serial_shops, shop, minmay_crystal_room
D:8:      erik_lair_island
D:9:      lemuel_doored_altar, serial_shops, shop, grunt_livestock
D:10:     serial_gnoll_camp, gnoll_camp_mini_house, gnoll_camp_mini_hut,
          gnoll_camp_mini_hut, gnoll_camp_mini_hut
D:11:     elyvilon_altar_4
Temple:   jpeg_temple_alley_garden
Lair:1:   enter_volcano_1, dpeg_stationary_puzzle, uniq_erica
Volcano:  kennysheep_volcano_temple

Skill      XL: |  1  2  3  4  5  6  7  8  9 10 11 |
---------------+----------------------------------+-----
Armour         | 2 3 4 5 6 8 10 11 12 | 12.0
Axes           | 3 4 5 6 8 10 11 12 | 12.1
Charms         | 3 |  3.0
Necromancy     | 2 3 4 5 7 |  7.5
Fighting       | |  2.4
Dodging        | |  1.1
Spellcasting   | |  1.3

Action                   |  1- 3 |  4- 6 |  7- 9 | 10-12 || total
-------------------------+-------+-------+-------+-------++-------
Melee: Hand axe          |    15 |       |       |       ||    15
       Whip              |    61 |    83 |   351 |   320 ||   815
       Headbutt          |     7 |     9 |    51 |    68 ||   135
       Long sword        |       |       |     2 |       ||     2
       War axe           |       |       |       |    22 ||    22
 Cast: Regeneration      |       |       |     2 |     3 ||     5
Invok: Curse Item        |       |       |       |     1 ||     1
Evoke: Wand              |       |       |     2 |     1 ||     3
  Use: Potion            |       |     4 |     4 |     6 ||    14
       Scroll            |       |       |    17 |    11 ||    28
  Eat: Fruit             |     1 |     2 |     2 |       ||     5
       Bread ration      |       |     1 |     1 |     2 ||     4
       Chunk             |       |       |     4 |     9 ||    13
       Beef jerky        |       |       |     1 |     1 ||     2
Armor: Ring mail         |    25 |    20 |    40 |       ||    85
       Leather armour    |     3 |       |   105 |    13 ||   121
       Skin              |       |       |     1 |       ||     1
       Scale mail        |       |       |       |   152 ||   152
Dodge: Dodged            |    39 |    23 |   177 |   162 ||   401
Block: Other             |       |       |       |     3 ||     3
       Rpst.: Long sword |       |       |     1 |       ||     1
